 Dungeon Crawl Stone Soup version 0.25.1-3-ge44b62a0b3 (webtiles) character file.

Game seed: 9319691603950131510

772 Erymatos the Chopper (level 7, -8/63 HPs)
             Began as a Minotaur Berserker on Nov 20, 2020.
             Was a Priest of Trog.
             Mangled by an iguana (13 damage)
             ... on level 4 of the Dungeon.
             The game lasted 00:02:50 (3607 turns).

Erymatos the Chopper (Minotaur Berserker)           Turns: 3607, Time: 00:02:51

Health: -8/63      AC:  2    Str: 23    XL:     7   Next: 53%
Magic:  6/6        EV: 13    Int:  4    God:    Trog [***...]
Gold:   202        SH:  0    Dex: 10    Spells: 6/6 levels left

rFire    . . .     SeeInvis .   a - +0 hand axe
rCold    . . .     Gourm    .   (no shield)
rNeg     . . .     Faith    .   b - +0 animal skin
rPois    .         Spirit   .   (helmet restricted)
rElec    .         Reflect  .   (no cloak)
rCorr    .         Harm     .   (no gloves)
MR       ++...                  (no boots)
Stlth    ++........             (no amulet)
HPRegen  1.20/turn              (no ring)
MPRegen  0.10/turn              (no ring)

@: berserk cooldown, regenerating, slowed, very slow
A: retaliatory headbutt, horns 2
a: Berserk, Trog's Hand, Renounce Religion


You were on level 4 of the Dungeon.
You worshipped Trog.
Trog was most pleased with you.
You were near starving.

You visited 1 branch of the dungeon, and saw 4 of its levels.

You collected 202 gold pieces.

Inventory:

Hand Weapons
 a - a +0 hand axe (weapon)
Armour
 b - a +0 animal skin (worn)
Jewellery
 f - an uncursed ring of stealth {unknown}
 l - an uncursed amulet of guardian spirit {unknown}
Scrolls
 e - 3 scrolls of identify {unknown}
 j - 4 scrolls of remove curse {unknown}
 k - a scroll of magic mapping {unknown}
 n - 2 scrolls of teleportation {unknown}
 o - a scroll of enchant weapon {unknown}
 q - a scroll of enchant armour {unknown}
Potions
 d - a potion of curing {unknown}
 h - a potion of magic {unknown}
 i - 4 potions of lignification {unknown}
 m - 2 potions of stabbing {unknown}
 p - a potion of heal wounds {unknown}
 r - a potion of haste {unknown}
Comestibles
 c - 8 rations


   Skills:
 + Level 6.0 Fighting
 + Level 7.5 Axes
 + Level 2.7 Armour
 + Level 4.7 Dodging
 + Level 2.2 Stealth


You had 6 spell levels left.
You didn't know any spells.
Your spell library was empty.

Dungeon Overview and Level Annotations

Branches:
Dungeon (4/15)
 Temple: D:4-7

Altars:
Kikubaaqudgha


Innate Abilities, Weirdness & Mutations

You reflexively headbutt those who attack you in melee.
You have a pair of horns on your head.


Message History

The iguana bites you.
Unknown command.
You hit the iguana but do no damage.
The iguana is moderately wounded.
You hit the bullfrog skeleton. The bullfrog skeleton hits you.
The iguana closely misses you. The iguana barely misses you.
Unknown command.
Your skin crawls.
You feel resistant to hostile enchantments.
You are near starving!
The iguana closely misses you. You furiously retaliate!
You headbutt the iguana! The ogre hits you with a +0 giant club!
* * * LOW HITPOINT WARNING * * *
Unknown command.
You hit the iguana. Your headbutt misses the iguana.
The iguana is almost dead.
The iguana bites you!
* * * LOW HITPOINT WARNING * * *
The iguana bites you!
You die...

..#......## ....... .>#
...... ... . #.... #.#
..#....##.## ..
...........# #.#
.#....)##..# ##.##
......Zl@..# #)..#
#..%...O##.# #...# ##
#.......##.# #...# #.
##...#..##.####...######.
##...................##.
...##..................>
### ##.###...........##.
#..# #####...######. #$
#......# #.


You could see an ogre, an iguana and a bullfrog skeleton.

Vanquished Creatures
  Sigmund (D:2)
  Edmund (D:4)
  Menkaure (D:4)
  A phantom (D:4)
  An orc priest (D:4)
  Terence (D:2)
  A worker ant (D:4)
  An orc wizard (D:4)
  5 gnolls
  6 adders
  3 worms
  A dart slug (D:4)
  2 leopard geckos
  5 orcs
  7 giant cockroaches
  8 goblins
  7 hobgoblins
  3 jackals (D:2)
  5 kobolds
  3 quokkas
  4 bats
  5 frilled lizards
  8 rats
80 creatures vanquished.

Notes
Turn   | Place    | Note
-------+----------+-------------------------------------------
     0 | D:1      | Erymatos the Minotaur Berserker began the quest for the
                  | Orb.
     0 | D:1      | Reached XP level 1. HP: 19/19 MP: 0/0
   251 | D:1      | Reached XP level 2. HP: 25/27 MP: 1/1
   275 | D:1      | Reached skill level 4 in Axes
   901 | D:1      | Reached XP level 3. HP: 33/33 MP: 2/2
  1309 | D:2      | Reached ** piety under Trog
  1309 | D:2      | Reached XP level 4. HP: 21/41 MP: 3/3
  1335 | D:2      | Noticed Sigmund
  1546 | D:2      | Killed Sigmund
  1546 | D:2      | Reached skill level 5 in Fighting
  1546 | D:2      | Reached skill level 5 in Axes
  1546 | D:2      | Reached XP level 5. HP: 48/48 MP: 4/4
  1604 | D:2      | Reached skill level 6 in Axes
  1625 | D:2      | Noticed Terence
  1633 | D:2      | Killed Terence
  1633 | D:2      | Reached XP level 6. HP: 50/56 MP: 5/5
  2525 | D:3      | Found a faded altar of an unknown god.
  2929 | D:3      | Found an ancient bone altar of Kikubaaqudgha.
  3063 | D:4      | Reached skill level 1 in Stealth
  3306 | D:4      | Reached *** piety under Trog
  3465 | D:4      | Reached XP level 7. HP: 39/62 MP: 6/6
  3582 | D:4      | Noticed Menkaure
  3587 | D:4      | Noticed Edmund
  3589 | D:4      | Killed Menkaure
  3589 | D:4      | Reached skill level 7 in Axes
  3597 | D:4      | Killed Edmund
  3607 | D:4      | Mangled by an iguana

Illustrated notes

Levels and vault maps discovered:
D:1:      minmay_arrival_up_and_down, layout_basic
D:2:      wander_river, layout_loops_ring, uniq_sigmund, uniq_terence
D:3:      layout_rooms, marbit_many_paths,
          chequers_ecumenical_altar_simple_redux
D:4:      layout_loops_cross, first_ration, grunt_tough_drop, uniq_pikel,
          uniq_edmund, uniq_menkaure

Skill      XL: |  1  2  3  4  5  6  7 |
---------------+----------------------+-----
Fighting       | 4 5 6 |  6.0
Axes           | 4 5 6 7 |  7.5
Dodging        | 3 4 |  4.7
Stealth        | 1 2 |  2.2
Armour         | |  2.7

Action                   |  1- 3 |  4- 6 |  7- 9 || total
-------------------------+-------+-------+-------++-------
Melee: Hand axe          |    62 |   118 |    15 ||   195
       Headbutt          |     5 |    24 |     3 ||    32
Invok: Berserk           |     2 |     1 |     1 ||     4
       Trog's Hand       |       |       |     1 ||     1
 Stab: Sleeping          |     1 |     4 |       ||     5
  Eat: Chunk             |     2 |     6 |       ||     8
       Ration            |       |     1 |       ||     1
Armor: Animal skin       |    17 |     9 |       ||    26
Dodge: Dodged            |    37 |    58 |    12 ||   107
